 Dungeon Crawl Stone Soup version 0.30-a0-949-g53dc5368d7 (webtiles) character file.

Game seed: 7620885109932575949

612 Zenkrye the Poker (level 7, -11/52 HPs)
             Began as a Human Cinder Acolyte on Mar 27, 2023.
             Was a High Priest of Ignis.
             Killed by divine providence
             ... invoked by an orc priest
              (15 damage)
             ... on level 4 of the Dungeon.
             The game lasted 00:09:21 (3807 turns).

Zenkrye the Poker (Human Cinder Acolyte)            Turns: 3807, Time: 00:09:22

Health: -11/52     AC:  7    Str: 16    XL:     7   Next: 72%
Magic:  2/8        EV: 10    Int: 14    God:    Ignis [*****.]
Gold:   158        SH:  0    Dex:  9    Spells: 6/8 levels left

rFire   + . .      SeeInvis .    a - -1 spear (flame)
rCold   . . .      Faith    .    (no shield)
rNeg    . . .      Spirit   .    q - +0 ring mail
rPois   .          Reflect  .    k - +0 helmet
rElec   .          Rampage  .    e - scarf {+Inv}
rCorr   .                        (no gloves)
Will    .....                    i - +0 pair of boots Stlth
                                 (no amulet)
HPRegen 0.28/turn                j - ring of flight
MPRegen 0.11/turn                (no ring)

@: brilliant, on berserk cooldown, flying, very slightly contaminated, slowed,
very slow
A: no striking features
a: Renounce Religion, Evoke Invisibility, Fiery Armour, Foxfire Swarm, Rising
Flame


You were on level 4 of the Dungeon.
You worshipped Ignis.
Ignis was extremely pleased with you.
You visited 1 branch of the dungeon, and saw 4 of its levels.

You collected 158 gold pieces.

Inventory:

Hand Weapons
 a - a -1 spear of flaming (weapon)
 o - a +0 spear
Missiles
 c - 7 poisoned darts (quivered)
 d - 10 javelins
 t - a throwing net {!f}
Armour
 b - a +1 robe
 e - a scarf of invisibility (worn)
 i - a +0 pair of boots (worn)
 k - a +0 helmet (worn)
 n - a +2 robe of positive energy
 q - a +0 ring mail (worn)
 u - a +0 scale mail
 w - a +0 chain mail
Jewellery
 j - a ring of flight (left hand)
Wands
 f - a wand of paralysis (2)
 r - a wand of flame (21)
Scrolls
 m - a scroll of fog
 s - a scroll of fear
 v - 2 scrolls of blinking {unknown}
 x - a scroll of enchant weapon {unknown}
Potions
 h - a potion of flight


   Skills:
 - Level 3.0 Fighting
 * Level 7.9 Polearms
 - Level 1.0 Spellcasting
 - Level 3.0 Fire Magic
 + Level 2.5 Evocations


You had 6 spell levels left.
You knew the following spells:

 Your Spells              Type           Power      Damage    Failure   Level
a - Scorch                Fire           26%        2d6       22%         2

Your spell library contained the following spells:

 Spells                   Type           Power      Damage    Failure   Level


Dungeon Overview and Level Annotations

Branches:
Dungeon (4/15)
 Temple: D:4-7

Altars:
Gozag
Makhleb

Shops:
D:4 (


Message History

Something hits you.
* * * LOW HITPOINT WARNING * * *
You bump into the rock wall.
The orc priest begins to cast a cantrip, but forgets the words!
Something hits you.
* * * LOW HITPOINT WARNING * * *
You bump into the rock wall.
You feel your anger nearly subside.
You bump into the rock wall.
You are no longer berserk.
You are exhausted.
You feel yourself slow down. Something hits you.
* * * LOW HITPOINT WARNING * * *
You miss something. Something hits you.
* * * LOW HITPOINT WARNING * * *
Your magical contamination has completely faded away.
It was a potion of curing.
You feel better.
You hear some strange, mumbled words.
A magic dart appears from out of thin air!
The magic dart hits you.
* * * LOW HITPOINT WARNING * * *
Aiming: Paralyse
Press: ? - help, Shift-Dir - straight line, f/p - orc priest
Aim: an orc priest, wielding a +0 flail and wearing a +0 leather armour (moderately wounded, chance to affect: 55%) Nothing appears to happen.
The orc priest calls down the wrath of Beogh upon you.
Beogh smites you!
* * * LOW HITPOINT WARNING * * *
You hit something. You burn something.
It was a potion of brilliance.
You feel clever all of a sudden.
Casting: Scorch (safe; 22% risk of failure)
Confirm with . or Enter, or press ? or * to list all spells.
You feel a surge of power!
You miscast Scorch.
You are very lightly contaminated with residual magic.
Nothing appears to happen.
The orc priest invokes the aid of Beogh against you.
Beogh smites you!
You die...

###### .....#
####.###################
................@{o.....
####.###################
#.# #.# ####.#
.....################
...).............>..#
.....############.###
####.# #..#


You could see an orc priest.

Vanquished Creatures
  Pargi (D:3)
  2 phantoms (D:4)
  A scorpion (D:4)
  A jelly (D:4)
  Jessica (D:3)
  Ijyb (D:3)
  2 iguanas (D:4)
  Terence (D:3)
  Robin (D:3)
  5 adders
  A worm (D:2)
  2 dart slugs (D:2)
  7 orcs (D:4)
  3 ball pythons
  5 bats
  10 endoplasms
  3 giant cockroaches
  13 goblins
  10 hobgoblins
  4 jackals (D:1)
  7 kobolds
  5 quokkas
  A frilled lizard (D:1)
  5 rats
92 creatures vanquished.

Notes
Turn   | Place    | Note
-------+----------+-------------------------------------------
     0 | D:1      | Zenkrye the Human Cinder Acolyte began the quest for the
                  | Orb.
     0 | D:1      | Reached XP level 1. HP: 18/18 MP: 2/2
   165 | D:1      | Reached XP level 2. HP: 24/24 MP: 3/3
   168 | D:1      | Learned a level 2 spell: Scorch
   411 | D:1      | Found a faded altar of an unknown god.
   433 | D:1      | Reached skill level 4 in Polearms
   433 | D:1      | Reached XP level 3. HP: 29/29 MP: 4/4
   819 | D:2      | Found a burning altar of Makhleb.
  1110 | D:2      | Reached XP level 4. HP: 35/35 MP: 0/5
  1404 | D:3      | Noticed Pargi
  1425 | D:3      | Killed Pargi
  1426 | D:3      | Reached skill level 5 in Polearms
  1426 | D:3      | Reached XP level 5. HP: 17/41 MP: 1/6
  1593 | D:3      | Noticed Jessica
  1626 | D:3      | Noticed Ijyb
  1626 | D:3      | Noticed Robin
  1666 | D:3      | Reached skill level 6 in Polearms
  1722 | D:3      | Killed Robin
  1791 | D:3      | Killed Ijyb
  1792 | D:3      | Reached XP level 6. HP: 33/46 MP: 0/7
  1908 | D:3      | Killed Jessica
  2239 | D:3      | Noticed Terence
  2447 | D:3      | Found an opulent altar of Gozag.
  2592 | D:3      | Killed Terence
  2702 | D:4      | Found Neolufoe's Antique Weapon Boutique.
  2719 | D:4      | Reached skill level 7 in Polearms
  2719 | D:4      | Reached skill level 1 in Evocations
  2843 | D:4      | Reached XP level 7. HP: 39/52 MP: 3/8
  3807 | D:4      | Killed from afar by an orc priest

Illustrated notes

Levels and vault maps discovered:
D:1:      matt_arrival_refuge, layout_loops_ring, ebering_ecumenical_altar_hall,
          moated_statue
D:2:      layout_basic, basic_altar, grunt_ministairs_2
D:3:      layout_basic, marbit_many_paths, uniq_jessica, uniq_pargi, uniq_ijyb,
          uniq_terence, uniq_robin
D:4:      layout_basic, serial_shops, nicolae_shop_hallway_plus,
          palyth_stone_intersect, minmay_cupped

Skill      XL: |  1  2  3  4  5  6  7 |
---------------+----------------------+-----
Polearms       | 4 5 6 7 |  7.9
Evocations     | 1 2 |  2.5
Fighting       | |  3.0
Spellcasting   | |  1.0
Fire Magic     | |  3.0

Action                     |  1- 3 |  4- 6 |  7- 9 || total
---------------------------+-------+-------+-------++-------
  Melee: Spear             |   102 |   202 |   105 ||   409
  Throw: Dart              |     4 |     6 |     4 ||    14
   Cast: Scorch            |     3 |    13 |    13 ||    29
  Evoke: Wand              |       |     4 |     1 ||     5
    Use: Scroll            |     3 |     6 |       ||     9
         Potion            |       |     1 |     3 ||     4
   Stab: Paralysed         |       |     7 |       ||     7
         Distracted        |       |     1 |       ||     1
 Armour: Robe              |    18 |    38 |       ||    56
         Ring mail         |       |    27 |    26 ||    53
  Dodge: Dodged            |    37 |   101 |    23 ||   161

Table legend: (Time is in decaauts)
 A = Elapsed time spent in this place.
 B = Non-inter-level travel time spent in this place.
 C = Inter-level travel time spent in this place.
 D = Time resting spent in this place.
 E = Time spent auto-exploring this place.
 F = Levels seen in this place.
 G = Mean time per level.
                   A        B        C        D        E       F      G
               +--------+--------+--------+--------+--------+-----+--------+
         Total |   3733 |   3679 |     54 |    235 |   2646 |   4 |  933.2 |
       Dungeon |   3733 |   3679 |     54 |    235 |   2646 |   4 |  933.2 |
               +--------+--------+--------+--------+--------+-----+--------+

Top non-repeatable levels by time:
     D:3: 1293 daAuts
     D:4: 1108 daAuts
     D:1: 813 daAuts
     D:2: 518 daAuts
